 Dungeon Crawl Stone Soup version 0.23.2-33-g5129a83184 (webtiles) character file.

Game seed: 16036487453512715800

114 troglodite the Charmwright (level 4, -4/27 HPs)
             Began as an Octopode Skald on June 27, 2019.
             Was an Initiate of Hepliaklqana.
             Slain by Natasha (9 damage)
             ... on level 2 of the Dungeon.
             The game lasted 00:04:20 (2027 turns).

troglodite the Charmwright (Octopode Skald)         Turns: 2027, Time: 00:04:21

Health: -4/27      AC:  1    Str: 10    XL:     4   Next: 97%
Magic:  1/7        EV: 14    Int: 16    God:    Hepliaklqana [......]
Gold:   88         SH:  0    Dex: 13    Spells: 0/7 levels left

rFire    . . .     SeeInvis .   a - +0 spear
rCold    . . .     Gourm    .   (no shield)
rNeg     + . .     Faith    .   q - +0 hat
rPois    .         Spirit   .   (no amulet)
rElec    .         Reflect  .   l - +2 ring of dexterity
rCorr    +         Harm     .   o - ring of resist corrosion
MR       .....                  b - ring of positive energy
Stlth    +++.......             (no ring)
HPRegen  0.09/turn              (no ring)
MPRegen  0.10/turn              (no ring)
                                (no ring)
                                (no ring)

@: very slightly contaminated
A: almost no armour, stealthy swim, amphibious, 8 rings, constrict 8, reduced
essence, camouflage 1, gelatinous body 1
a: Recall Ancestor, Ancestor Identity, Renounce Religion


You were on level 2 of the Dungeon.
You worshipped Hepliaklqana.
Hepliaklqana was noncommittal.
You were not hungry.

You visited 1 branch of the dungeon, and saw 3 of its levels.

You collected 88 gold pieces.

Inventory:

Hand Weapons
 a - a +0 spear (weapon)
Armour
 q - a +0 hat (worn)
Magical Staves
 n - an uncursed staff of power
Jewellery
 b - a ring of positive energy (on tentacle)
 l - a +2 ring of dexterity (left tentacle)
 o - a ring of resist corrosion (right tentacle)
Wands
 k - a wand of paralysis (5)
Scrolls
 e - 2 scrolls of fear {unknown}
 i - 2 scrolls of identify {unknown}
 j - 2 scrolls of teleportation {unknown}
 m - a scroll of immolation {unknown}
Potions
 d - a potion of agility {unknown}
 f - 2 potions of heal wounds {unknown}
 g - a potion of lignification {unknown}
 h - a potion of haste {unknown}
 p - a potion of ambrosia {unknown}
Comestibles
 c - 7 rations


   Skills:
 * Level 2.5 Fighting
 + Level 2.5 Polearms
 + Level 2.5 Dodging
 + Level 1.9 Stealth
 * Level 2.4 Spellcasting
 * Level 0.9 Hexes
 * Level 4.0 Charms


You couldn't memorise any spells.
You knew the following spells:

 Your Spells              Type           Power        Failure   Level  Hunger
a - Infusion              Chrm           ##..         3%          1    #......
b - Spectral Weapon       Hex/Chrm       ##......     22%         3    ###....
c - Regeneration          Chrm/Necr      #.........   26%         3    ###....

Your spell library contained the following spells:

 Spells                   Type           Power        Failure   Level  Hunger
 Song of Slaying          Chrm           ##......     5%          2    ###....
 Shroud of Golubria       Chrm/Tloc      #.........   13%         2    ###....


Dungeon Overview and Level Annotations

Branches:
Dungeon (3/15)

Altars:
Dithmenos
Hepliaklqana
Makhleb
Sif Muna
Vehumet
Wu Jian

Annotations:
D:2 Natasha


Innate Abilities, Weirdness & Mutations

You cannot wear most types of armour.
You are very stealthy in the water. (Stealth+)
You are amphibious.
You can wear up to eight rings at the same time.
You can use your tentacles to constrict eight enemies at once.
Your skin changes colour to match your surroundings (Stealth+).
Your rubbery body absorbs attacks. (AC +1, EV +1)
Your life essence is reduced to manifest your ancestor. (-10% HP)


Message History

The orc hits you but does no damage.
Lucius hits Natasha.
Natasha barely misses you.
You climb upwards.
There is a stone staircase leading down here.
Casting: Spectral Weapon (safe; 22% risk of failure)
Confirm with . or Enter, or press ? or * to list all spells.
You miscast Spectral Weapon.
You are very lightly contaminated with residual magic.
You feel a bit tired. The orc barely misses you.
Natasha stares at you and mumbles some strange words.
You resist with some effort.
Casting: Spectral Weapon (safe; 22% risk of failure)
Confirm with . or Enter, or press ? or * to list all spells.
You draw out your weapon's spirit!
The orc misses you. Natasha claws you!
* * * LOW HITPOINT WARNING * * *
You hit the orc but do no damage. You grab the orc.
You constrict the orc, but do no damage.
Your spectral weapon hits the orc from afar.
The orc hits you but does no damage.
Lucius hits Natasha.
Natasha claws you!
You die...

.######
#........###############.
......# ####..##.#
#..[....( ......# ##.##.#
#.##..... ......# #..#.#
####.##..... ......#
##.#.# #...........
......# #...#
#........... .######
##..# #........... .#
###..############..(. .#
#..o@....# #.... .#
#..Rh(...########.... ##
#........'......'....
#........########....
#........# ####.
#........# #. ##########
#. ##


You could see the friendly Lucius the ancestor, Natasha, an orc and a friendly
spectral +0 spear.

Vanquished Creatures
  A scorpion (D:2)
  2 adders (D:2)
  2 dart slugs (D:1)
  2 leopard geckos (D:1)
  2 giant cockroaches (D:1)
  2 hobgoblins
  2 jackals (D:1)
  10 bats
  3 frilled lizards (D:1)
  3 goblins
  4 kobolds (D:2)
  11 rats
44 creatures vanquished.

Vanquished Creatures (collateral kills)
  A kobold (D:3)
1 creature vanquished.

Vanquished Creatures (others)
  A spectral weapon (D:3)
1 creature vanquished.

Grand Total: 46 creatures vanquished

Notes
Turn   | Place    | Note
-------+----------+-------------------------------------------
     0 | D:1      | troglodite the Octopode Skald began the quest for the Orb.
     0 | D:1      | Reached XP level 1. HP: 14/14 MP: 3/3
    93 | D:1      | Reached XP level 2. HP: 19/19 MP: 5/5
   673 | D:1      | Reached XP level 3. HP: 17/24 MP: 3/6
   760 | D:1      | Learned a level 3 spell: Spectral Weapon
   957 | D:2      | Reached skill level 1 in Stealth
  1316 | D:2      | Noticed a scorpion
  1329 | D:2      | Killed a scorpion
  1329 | D:2      | Reached skill level 4 in Charms
  1329 | D:2      | Reached XP level 4. HP: 28/29 MP: 7/7
  1337 | D:2      | Learned a level 3 spell: Regeneration
  1442 | D:2      | Found a burning altar of Makhleb.
  1443 | D:2      | Found an ornate altar of the Wu Jian Council.
  1443 | D:2      | Found a deep blue altar of Sif Muna.
  1463 | D:2      | Found a hazy altar of Hepliaklqana.
  1463 | D:2      | Found a shadowy altar of Dithmenos.
  1464 | D:2      | Found a radiant altar of Vehumet.
  1474 | D:2      | Became a worshipper of Hepliaklqana the Forgotten
  1783 | D:3      | Noticed Natasha
  2027 | D:2      | Slain by Natasha

Skill      XL: |  1  2  3 |
---------------+----------+-----
Stealth        | 1 |  1.9
Charms         | 4 |  4.0
Fighting       | |  2.5
Polearms       | |  2.5
Dodging        | |  2.5
Spellcasting   | |  2.4
Hexes          | |  0.9

Action                   |  1- 3 |  4- 6 || total
-------------------------+-------+-------++-------
Melee: Spear             |    84 |    13 ||    97
       Constrict         |    20 |     3 ||    23
       Tentacles         |     9 |     2 ||    11
 Cast: Infusion          |     1 |       ||     1
       Spectral Weapon   |       |     2 ||     2
 Stab: Sleeping          |    13 |     3 ||    16
  Eat: Chunk             |     1 |     1 ||     2
       Ration            |       |     1 ||     1
Armor: Skin              |     1 |     1 ||     2
Dodge: Dodged            |    33 |     5 ||    38
